AoeStats
← ivs

Golden Pit

509943563Analyzed
1v1 RM · 3d ago on Sep 28, 2026· 69m 23s· 2 players
Game mode
Random Map
Map size
Tiny (2 player)
Population
200
Speed
Normal
Resources
Standard
Victory
Conquest
Starting age
Dark Age
Ending age
Imperial Age
RankedLock teamsTeams togetherTeam positionsShared explorationLock speedFull tech treeHidden civsTurbo modeCheats
Victory
Defeat
🇵🇾 Japanese · Paraguay
1450
+16
🇦🇷 Vietnamese · Argentina
1450
-16
Heisenberg
7:50 Loom
10:00 Feudal Age
10:10 Man-at-Arms
14:09 Double-Bit Axe
18:11 Fletching
20:58 Gold Mining
21:44 Horse Collar
24:23 Castle Age
23:11 Padded Archer Armor
23:39 Scale Mail Armor
24:26 Crossbowman
26:44 Forging
25:59 Long Swordsman
28:03 Forging
28:49 Chain Mail Armor
29:41 Squires
30:32 Bodkin Arrow
36:20 Wheelbarrow
36:10 Leather Archer Armor
36:22 Bow Saw
37:49 Ballistics
43:17 Imperial Age
43:13 Iron Casting
42:36 Pikeman
43:39 Hand Cart
43:10 Town Watch
44:13 Stone Mining
44:45 Heavy Plow
46:33 Bracer
48:06 Chemistry
46:29 Arbalester
48:16 Gold Shaft Mining
48:12 Scale Barding Armor
48:15 Halberdier
50:21 Light Cavalry
51:12 Bloodlines
51:03 Husbandry
53:11 Plate Mail Armor
56:21 Chain Barding Armor
58:02 Blast Furnace
58:14 Heavy Scorpion
59:20 Masonry
61:15 Ring Archer Armor
60:49 Town Patrol
61:12 Siege Engineers
62:20 Conscription
62:37 Cavalier
62:48 Two-Handed Swordsman
63:14 Gambesons
64:04 Champion
ivs
2:51 Loom
9:57 Feudal Age
10:32 Double-Bit Axe
14:36 Town Watch
18:54 Horse Collar
21:14 Wheelbarrow
20:40 Fletching
21:48 Padded Archer Armor
28:14 Castle Age
28:59 Bodkin Arrow
28:55 Elite Skirmisher
30:25 Stone Mining
30:53 Gold Mining
33:42 Hand Cart
37:26 Scale Barding Armor
37:58 Chatras
38:48 Bloodlines
41:01 Forging
42:36 Chain Barding Armor
42:55 Bow Saw
44:01 Town Patrol
46:57 Imperial Age
46:59 Masonry
46:59 Heavy Plow
47:36 Ballistics
48:54 Two-Man Saw
49:11 Chemistry
48:28 Bracer
52:52 Paper Money
52:12 Imperial Skirmisher
53:52 Leather Archer Armor
54:45 Crop Rotation
55:19 Siege Engineers
59:16 Ring Archer Armor
59:02 Guilds
60:48 Iron Casting
60:14 Scale Mail Armor
60:17 Pikeman
60:58 Squires
61:04 Halberdier
63:21 Light Cavalry
64:01 Husbandry
64:34 Chain Mail Armor
66:58 Plate Barding Armor
66:58 Plate Mail Armor
Connection lost

Rejoining the realm…

Still unreachable

The connection could not be restored.

Session expired

The server has moved on; the page needs a fresh start.